 Dungeon Crawl Stone Soup version 0.28.0-43-g3370ac3207 (webtiles) character file.

Game seed: 1451649208154104911

2 carontestyx the Gusty (level 1, -3/10 HPs)
             Began as a Tengu Air Elementalist on Mar 12, 2022.
             Slain by a quokka (4 damage)
             ... on level 1 of the Dungeon.
             The game lasted 00:00:11 (119 turns).

carontestyx the Gusty (Tengu Air Elementalist)       Turns: 119, Time: 00:00:12

Health: -3/10      AC:  2    Str:  8    XL:     1   Next: 40%
Magic:  0/4        EV: 12    Int: 15    God:
Gold:   11         SH:  0    Dex: 14    Spells: 3/4 levels left

rFire   . . .      SeeInvis .   (no weapon)
rCold   . . .      Faith    .   (no shield)
rNeg    . . .      Spirit   .   a - +0 robe
rPois   .          Reflect  .   (helmet restricted)
rElec   .          Harm     .   (no cloak)
rCorr   .          Rampage  .   (no gloves)
Will    .....                   (boots unavailable)
Stlth   ++........              (no amulet)
HPRegen 0.03/turn               (no ring)
MPRegen 0.09/turn               (no ring)

@: very slightly contaminated
A: beak, talons 3
a: no special abilities


You were on level 1 of the Dungeon.
You visited 1 branch of the dungeon, and saw 1 of its levels.

You collected 11 gold pieces.

Inventory:

Armour
 a - a +0 robe (worn)


   Skills:
 - Level 2.1 Dodging
 - Level 2.0 Stealth
 - Level 2.0 Spellcasting
 - Level 1.3 Conjurations
 + Level 4.2 Air Magic


You had 3 spell levels left.
You knew the following spells:

 Your Spells              Type           Power      Damage    Failure   Level
a - Shock                 Conj/Air       36%        1d5       7%          1

Your spell library contained the following spells:

 Spells                   Type           Power      Damage    Failure   Level
 Static Discharge         Conj/Air       9%         N/A       11%         2
 Swiftness                Air            14%        N/A       12%         3
 Airstrike                Air            7%         N/A       36%         4


Dungeon Overview and Level Annotations

Branches:
Dungeon (1/15)

Altars:


Innate Abilities, Weirdness & Mutations

You have a beak for a mouth.
You have claws for feet.


Message History

Magic restored.
Things that are here:
a +0 club; a goblin corpse A frilled lizard comes into view.
A frilled lizard is nearby!
The zap hits the frilled lizard.
You kill the frilled lizard!
You can't see any susceptible monsters within range! (Use Z to cast anyway.)
A rat comes into view.
A rat is nearby!
A rat is nearby!
The zap hits the rat.
You kill the rat!
You can't see any susceptible monsters within range! (Use Z to cast anyway.)
An endoplasm and a quokka come into view.
There are monsters nearby!
You miscast Shock.
You are very lightly contaminated with residual magic.
Nothing appears to happen.
You miscast Shock.
Nothing appears to happen.
The quokka barely misses you.
The zap misses the quokka.
The quokka bites you but does no damage.
You miscast Shock.
Nothing appears to happen.
The quokka barely misses you.
You are too depleted to draw on your mana recklessly!
The endoplasm quivers.
The quokka misses you.
You are too depleted to draw on your mana recklessly!
You are too depleted to draw on your mana recklessly!
You closely miss the quokka. Your kick misses the quokka.
The quokka closely misses you. The quokka barely misses you.
The quokka bites you.
You closely miss the quokka. Your kick misses the quokka. The quokka bites you.
You closely miss the quokka. You peck the quokka.
The quokka is heavily wounded.
The quokka bites you.
* * * LOW HITPOINT WARNING * * *
You hit the quokka. Your kick misses the quokka.
The quokka is almost dead.
The quokka bites you.
You die...

######### #######
#@rJ..... #.....#
#.#######
#.###.######.#
#.#..........########
#.#.#.####...........
#.....# #...########
###.########.### #.
#.###......†.# ##.
#.#...####...#


You could see an endoplasm and a quokka.

Vanquished Creatures
  A goblin (D:1)
  A frilled lizard (D:1)
  A rat (D:1)
3 creatures vanquished.

Notes
Turn   | Place    | Note
-------+----------+-------------------------------------------
     0 | D:1      | carontestyx the Tengu Air Elementalist began the quest for
                  | the Orb.
     0 | D:1      | Reached XP level 1. HP: 10/10 MP: 4/4
   119 | D:1      | Slain by a quokka

Illustrated notes

Levels and vault maps discovered:
D:1:      dpeg_arrival_more_subterranean_lakeside_camping, layout_loops_ring,
          hellmonk_ecumenical_altar_arch_garden

Action                   || total
-------------------------++-------
Melee: Unarmed           ||     4
       Peck              ||     1
 Cast: Shock             ||     5
Armor: Robe              ||     1
Dodge: Dodged            ||     5
